 Dungeon Crawl Stone Soup version 0.26-a0-639-g72c4674329 (webtiles) character file.

Game seed: 13084924794032604737

112 Borgoz the Skirmisher (level 4, -6/29 HPs)
             Began as a Gargoyle Berserker on Sept 20, 2020.
             Was a Follower of Trog.
             Mangled by a gnoll
             ... wielding a cursed -1 club
              (9 damage)
             ... on level 2 of the Dungeon.
             The game lasted 00:01:13 (1561 turns).

Borgoz the Skirmisher (Gargoyle Berserker)          Turns: 1561, Time: 00:01:13

Health: -6/29      AC:  5    Str: 20    XL:     4   Next: 95%
Magic:  4/4        EV: 12    Int:  8    God:    Trog [*.....]
Gold:   56         SH:  0    Dex: 10    Spells: 3/3 levels left

rFire    . . .     SeeInvis .   a - +0 mace
rCold    . . .     Faith    .   (no shield)
rNeg     + . .     Spirit   .   b - +0 animal skin
rPois    ∞         Reflect  .   (no helmet)
rElec    +         Harm     .   (no cloak)
rCorr    .         Rampage  .   (no gloves)
MR       .....                  (no boots)
Stlth    +.........             (no amulet)
HPRegen  0.09/turn              (no ring)
MPRegen  0.09/turn              (no ring)

@: hasted, very quick
A: negative energy resistance 1, electricity resistance, unbreathing,
petrification resistance, rot immunity, AC +3
a: Berserk, Renounce Religion


You were on level 2 of the Dungeon.
You worshipped Trog.
Trog was aware of your devotion.
You visited 1 branch of the dungeon, and saw 2 of its levels.

You collected 56 gold pieces.

Inventory:

Hand Weapons
 a - a +0 mace (weapon)
Armour
 b - a +0 animal skin (worn)
Scrolls
 c - 3 scrolls of remove curse {unknown}
 f - 2 scrolls of identify {unknown}
 g - a scroll of blinking {unknown}
 h - a scroll of enchant weapon {unknown}
Potions
 d - a potion of lignification {unknown}
 i - a potion of degeneration {unknown}
 j - a potion of might {unknown}


   Skills:
 + Level 4.1 Fighting
 + Level 3.7 Maces & Flails
 + Level 3.2 Armour
 + Level 2.3 Dodging


You had 3 spell levels left.
You didn't know any spells.
Your spell library was empty.

Dungeon Overview and Level Annotations

Branches:
Dungeon (2/15)

Altars:


Innate Abilities, Weirdness & Mutations

You are resistant to torment.
Your stone body is resilient. (AC +3)
You are immune to poison.
You resist negative energy. (rN+)
You are resistant to electric shocks. (rElec)
You can survive without breathing.
You are immune to petrification.
You are immune to rotting.


Message History

The gnoll misses you.
You hit the gnoll.
The gnoll is severely wounded.
The gnoll hits you.
You are too injured to fight recklessly!
You sock the gnoll!
You kill the gnoll!
Trog accepts your kill.
You barely miss the gnoll.
The gnoll hits you with a cursed -1 club!
* * * LOW HITPOINT WARNING * * *
You hit the gnoll.
The gnoll is lightly wounded.
The gnoll closely misses you.
You sock the gnoll!
The gnoll is heavily wounded.
The gnoll closely misses you.
It was a potion of haste.
You feel yourself speed up.
The gnoll hits you with a cursed -1 club!
You die...

#.# #.# #.$ #.# #.#
#.# #g#
#########@#.#
#...†.......#
#####'###.......#
#......##.......#
##......##.......#
.##.......##....##.#
..#.......##....# .#
..#.......####### .#
###.####+##


You could see a gnoll.

Vanquished Creatures
  A bullfrog skeleton (D:2)
  2 gnolls (D:2)
  2 adders (D:2)
  A worm (D:2)
  A dart slug (D:2)
  3 orcs (D:2)
  A ball python (D:2)
  5 bats
  2 giant cockroaches
  6 hobgoblins
  2 jackals (D:1)
  3 kobolds
  A frilled lizard (D:1)
  2 goblins
  7 rats
39 creatures vanquished.

Vanquished Creatures (others)
  9 toadstools (D:2)
9 creatures vanquished.

Grand Total: 48 creatures vanquished

Notes
Turn   | Place    | Note
-------+----------+-------------------------------------------
     0 | D:1      | Borgoz the Gargoyle Berserker began the quest for the Orb.
     0 | D:1      | Reached XP level 1. HP: 14/14 MP: 1/1
   280 | D:1      | Reached XP level 2. HP: 15/19 MP: 2/2
  1028 | D:2      | Reached XP level 3. HP: 21/24 MP: 3/3
  1062 | D:2      | Reached XP level 4. HP: 22/29 MP: 4/4
  1305 | D:2      | Reached skill level 4 in Fighting
  1561 | D:2      | Mangled by a gnoll

Illustrated notes

Levels and vault maps discovered:
D:1:      dpeg_arrival_chambers_temple_mockup, layout_loops_ring
D:2:      cheibrodos_fertilizer, layout_basic, marbit_many_paths,
          lemuel_blue_sif_altar

Skill      XL: |  1  2  3  4 |
---------------+-------------+-----
Dodging        | 2 |  2.3
Armour         | 3 |  3.2
Fighting       | 4 |  4.1
Maces & Flails | |  3.7

Action                   |  1- 3 |  4- 6 || total
-------------------------+-------+-------++-------
Melee: Mace              |    67 |    70 ||   137
Invok: Berserk           |       |     1 ||     1
  Use: Potion            |       |     1 ||     1
 Stab: Sleeping          |     1 |     1 ||     2
Armor: Animal skin       |    38 |    21 ||    59
Dodge: Dodged            |    71 |    39 ||   110

Table legend: (Time is in decaauts)
 A = Elapsed time spent in this place.
 B = Non-inter-level travel time spent in this place.
 C = Inter-level travel time spent in this place.
 D = Time resting spent in this place.
 E = Time spent auto-exploring this place.
 F = Levels seen in this place.
 G = Mean time per level.
                   A        B        C        D        E       F      G
               +--------+--------+--------+--------+--------+-----+--------+
         Total |   1605 |   1562 |     43 |    225 |   1068 |   2 |  802.5 |
       Dungeon |   1605 |   1562 |     43 |    225 |   1068 |   2 |  802.5 |
               +--------+--------+--------+--------+--------+-----+--------+

Top non-repeatable levels by time:
     D:1: 1016 daAuts
     D:2: 588 daAuts
